 Dungeon Crawl Stone Soup version 0.14.0-17-gc0b17a5 (webtiles) character file.

1989 staplegun the Basher (level 9, -7/59 HPs)
             Began as a Gargoyle Berserker on Apr 18, 2014.
             Was an Elder of Trog.
             Splashed by a jelly's acid (10 damage)
             ... on Level 6 of the Dungeon.
             The game lasted 00:08:17 (5329 turns).

staplegun the Basher (Gargoyle Berserker)           Turns: 5329, Time: 00:08:17

HP  -7/59        AC 16     Str 21 (23) XL: 9   Next: 10%
MP   8/8         EV  7     Int  9      God: Trog [****..]
Gold 181         SH  0     Dex  9      Spells:  0 memorised,  8 levels left

rFire  x . .     SeeInvis .     A - +1,-4 whip (flame)
rCold  + . .     Clarity  .     G - -1 chain mail
rNeg   + + .     Conserve .     (no shield)
rPois  +         rCorr    .     (no helmet)
rElec  +         rRot     +     B - +0 cloak
SustAb . .       Spirit   .     (no gloves)
rMut   .         Warding  .     (no boots)
Saprov . . .     Stasis   .     (no amulet)
MR     .....                    a - ring of ice
                                x - ring of positive energy

@: not resistant to hostile enchantments, extremely unstealthy
A: low mp 1, life protection 1, electricity resistance, spit poison 1,
unbreathing, petrification resistance, AC +5
a: Spit Poison, Burn Spellbooks, Berserk, Trog's Hand, Brothers in Arms,
Renounce Religion


You were on level 6 of the Dungeon.
You worshipped Trog.
Trog was greatly pleased with you.
You were not hungry.

You visited 1 branch of the dungeon, and saw 6 of its levels.

You collected 181 gold pieces.

Inventory:

Hand weapons
 A - a +1,-4 whip of flaming (weapon)
Armour
 q - a +1 pair of gloves of archery
 B - a +0 cloak (worn)
 G - a -1 chain mail (worn)
Magical devices
 k - a wand of digging (0)
 z - a wand of magic darts (4)
Comestibles
 c - 2 bread rations
 m - 3 meat rations
Scrolls
 d - a scroll of fog
 f - 2 scrolls of identify
 i - a scroll of enchant weapon I
 l - 2 scrolls of fear
 v - a scroll of blinking
 C - 2 scrolls of remove curse
Jewellery
 a - a ring of ice (right hand)
 g - an uncursed ring of wizardry
 x - a ring of positive energy (left hand)
 y - an uncursed ring of wizardry
Potions
 u - 4 potions of heal wounds
 w - a potion of lignification


   Skills:
 + Level 7.9 Fighting
 + Level 8.3 Maces & Flails
 + Level 7.2 Armour
 - Level 1.5 Dodging


You had 8 spell levels left.
You didn't know any spells.

Dungeon Overview and Level Annotations

Branches:
Dungeon (6/15)
 Temple: D:4-7

Altars:
Sif Muna


Innate Abilities, Weirdness & Mutations

You are resistant to torment.
You are immune to poison.
You are immune to rotting.
Your stone body is very resilient (AC +5).
You resist negative energy.
You are resistant to electric shocks.
You can survive without breathing.
You are immune to petrification.
Your magical capacity is low (-10% MP).
You can spit poison.


Message History

The ooze barely misses you.
You are too injured to fight recklessly!
You are too injured to fight recklessly!
You are too injured to fight recklessly!
You are too injured to fight recklessly!
You are too injured to fight recklessly!
You are too injured to fight recklessly!
You are too injured to fight recklessly!
You are too injured to fight recklessly!
You are too injured to fight recklessly!
You are too injured to fight recklessly!
You are too injured to fight recklessly!
You are too injured to fight recklessly!
You are too injured to fight recklessly!
You are too injured to fight recklessly!
The jelly hits you.
* * * LOW HITPOINT WARNING * * *
You are splashed with acid!
The acid corrodes your +0 chain mail!
The acid burns!
You die...

........# #.# §≈≈ #.#.#
#.# # .###.##.#
#.#.≈≈≈.#.#.# ##.###
.....##.#
#.#..§..#.#.######...##
.######.#
#.##...##.#...).......#
.# #.#
#..#...#..########...##
.######.# #..##.##..#
##.### ........#
#...#.#...# #....
######### #.........#
#.### ##...J@p(## #.# #
#....J.J..# #.#
#...#.#J..# #.#
.....##.##..###### #.#
###..#...#%.##... ..#
####
#.##...##..#.#####...
..... #.
..≈..#........#..#
#.#.≈≈≈.#..#........#
#.≈≈≈.#..###.......


You could see a phantom, 2 oozes and 2 jellies.

Vanquished Creatures
  Pikel (D:4)
  The ghost of keeo the Chopper, an average DrSk (D:4)
  Eustachio (D:5)
  A black bear (D:5)
  An ogre (D:4)
  A giant frog (D:6)
  A scorpion (D:5)
  A crimson imp (D:5)
  2 orc priests
  A hound (D:5)
  An iguana (D:5)
  7 jellies
  3 orc wizards (D:6)
  A worker ant (D:4)
  12 adders
  3 gnolls (D:2)
  A giant mite (D:3)
  A worm (D:3)
  2 giant geckos
  3 oozes (D:6)
  24 orcs
  3 ball pythons
  5 giant cockroaches
  11 hobgoblins
  10 jackals
  9 bats
  7 giant newts
  12 goblins
  6 kobolds
  9 rats
141 creatures vanquished.

Vanquished Creatures (others)
  A crimson imp (D:4)
  A hound (D:4)
  6 fungi (D:6)
8 creatures vanquished.

Grand Total: 149 creatures vanquished

Notes
Turn   | Place    | Note
--------------------------------------------------------------
     0 | D:1      | staplegun, the Gargoyle Berserker, began the quest for the Orb.
     0 | D:1      | Reached XP level 1. HP: 14/14 MP: 1/1
   173 | D:1      | Reached XP level 2. HP: 19/19 MP: 2/2
   665 | D:2      | Reached skill level 4 in Maces & Flails
   665 | D:2      | Reached XP level 3. HP: 10/24 MP: 3/3
   698 | D:2      | Acquired Trog's second power
  1127 | D:2      | Reached XP level 4. HP: 21/29 MP: 4/4
  1312 | D:2      | Gained mutation: You can spit poison. [potion of mutation]
  1312 | D:2      | Gained mutation: Your magical capacity is low (-10% MP). [potion of mutation]
  1681 | D:2      | Reached XP level 5. HP: 32/34 MP: 4/4
  2193 | D:3      | Reached skill level 5 in Maces & Flails
  2331 | D:3      | Reached XP level 6. HP: 27/40 MP: 5/5
  3138 | D:4      | Reached skill level 5 in Fighting
  3190 | D:4      | Noticed keeo's ghost (average DrSk)
  3212 | D:4      | Killed keeo's ghost
  3225 | D:4      | HP: 2/40 [ogre/giant spiked club (8)]
  3229 | D:4      | Reached XP level 7. HP: 19/44 MP: 6/6
  3436 | D:4      | Reached skill level 6 in Maces & Flails
  3501 | D:4      | Noticed Pikel
  3614 | D:4      | Killed Pikel
  3614 | D:4      | Reached skill level 5 in Armour
  3614 | D:4      | Reached XP level 8. HP: 45/52 MP: 7/7
  3694 | D:5      | Entered Level 5 of the Dungeon
  3732 | D:5      | Reached skill level 7 in Maces & Flails
  3791 | D:5      | Noticed Eustachio
  3817 | D:5      | Killed Eustachio
  4621 | D:6      | Found a deep blue altar of Sif Muna.
  5038 | D:6      | Acquired Trog's third power
  5114 | D:6      | Reached skill level 8 in Maces & Flails
  5149 | D:6      | Reached XP level 9. HP: 58/58 MP: 8/8
  5329 | D:6      | Splashed by a jelly's acid

Action                   |  1- 3 |  4- 6 |  7- 9 || total
-------------------------+-------+-------+-------++-------
Melee: Mace              |   122 |    52 |       ||   174
       Flail             |       |   191 |    51 ||   242
       Whip              |       |       |   394 ||   394
Invok: Trog's Hand       |       |     1 |     1 ||     2
       Berserk           |       |     1 |     2 ||     3
Evoke: Wand              |       |       |     1 ||     1
  Use: Potion            |       |     4 |     8 ||    12
       Scroll            |       |     2 |     9 ||    11
